 Dungeon Crawl Stone Soup version 0.16.2-12-gd0ad4c3 (webtiles) character file.

4887 Seneschal the Covert (level 10, -1/44 HPs)
             Began as a Spriggan Enchanter on Sept 23, 2015.
             Was a Believer of Dithmenos.
             Slain by a killer bee (6 damage)
             ... on level 10 of the Dungeon.
             The game lasted 00:49:02 (8529 turns).

Seneschal the Covert (Spriggan Enchanter)           Turns: 8529, Time: 00:49:02

Health: -1/44      AC:  3    Str:  4    XL:     10   Next: 26%
Magic:  39/39      EV: 18    Int: 19    God:    Dithmenos [**....]
Gold:   174        SH:  0    Dex: 18    Spells: 5 memorised, 11 levels left

rFire  . . .     SeeInvis +     A - +2 dagger (elec)
rCold  . . .     Clarity  .     b - +1 robe
rNeg   . . .     SustAb   .     (shield restricted)
rPois  .         Gourm    .     (helmet restricted)
rElec  .         Spirit   .     (no cloak)
rCorr  +         Warding  .     (gloves unavailable)
rMut   .         Rnd*Tele +     (boots unavailable)
MR     +....                    s - amulet of resist corrosion
Stlth  ++++++++..               w - ring of teleportation (curse)
                                g - ring of magical power

@: lethally poisoned (-1 -> -5), about to teleport, wreathed by umbra, very
quick, somewhat resistant to hostile enchantments, extraordinarily stealthy
A: unfitting armour, see invisible, herbivore 3, speed 3, slow metabolism 2
a: Shadow Step, Renounce Religion, Evoke Teleportation


You were on level 10 of the Dungeon.
You worshipped Dithmenos.
Dithmenos was pleased with you.
You were hungry.

You visited 2 branches of the dungeon, and saw 11 of its levels.

You collected 614 gold pieces.
You spent 440 gold pieces at shops.

Inventory:

Hand weapons
 a - a +2 dagger
 A - a +2 dagger of electrocution (weapon)
Armour
 b - a +1 robe (worn)
Jewellery
 g - a ring of magical power (left hand)
 r - an uncursed ring of see invisible
 s - an amulet of resist corrosion (around neck)
 w - a cursed ring of teleportation (right hand)
 B - an uncursed ring of flight {unknown}
 C - an uncursed ring of poison resistance {unknown}
 D - an uncursed ring of sustain abilities {unknown}
Magical devices
 n - a wand of cold (5)
Scrolls
 i - a scroll of magic mapping
 p - 2 scrolls of amnesia
 q - a scroll of teleportation
 t - a scroll of fog
Potions
 e - a potion of brilliance {unknown}
 h - a potion of flight
 j - 2 potions of berserk rage {unknown}
 l - a potion of ambrosia {unknown}
 m - a potion of agility
 o - a potion of invisibility {unknown}
 v - 3 potions of restore abilities {unknown}
 x - a potion of lignification {unknown}
 z - a potion of curing
 F - a potion of mutation {unknown}
Books
 c - a book of Maledictions

   Spells                             Type                      Level
   a - Corona                         Hexes                        1
   b - Sure Blade                     Hexes/Charms                 2
   c - Ensorcelled Hibernation        Hexes/Ice                    2
   d - Confuse                        Hexes                        3
   e - Dazzling Spray                 Conjuration/Hexes            3
   f - Enslavement                    Hexes                        4
 u - a book of Burglary

   Spells                             Type                      Level
   a - Swiftness                      Charms/Air                   2
   b - Passwall                       Transmutation/Earth          3
   c - Passage of Golubria            Translocation                4
   d - Lee's Rapid Deconstruction     Earth                        5
   e - Invisibility                   Hexes                        6
   f - Darkness                       Hexes                        7
 y - a book of Necromancy

   Spells                             Type                      Level
   a - Pain                           Necromancy                   1
   b - Animate Skeleton               Necromancy                   1
   c - Vampiric Draining              Necromancy                   3
   d - Regeneration                   Charms/Necromancy            3
   e - Animate Dead                   Necromancy                   4
   f - Control Undead                 Necromancy                   4
Miscellaneous
 E - a stone of tremors (inert)
Comestibles
 d - 8 bread rations
 f - 3 slices of pizza
 k - 4 fruits


   Skills:
 - Level 1.1 Short Blades
 - Level 3.0 Dodging
 + Level 12.5 Stealth
 + Level 8.9 Spellcasting
 + Level 10.1 Hexes
 * Level 3.3 Necromancy
 * Level 5.2 Ice Magic


You had 11 spell levels left.
You knew the following spells:

 Your Spells              Type           Power        Failure   Level  Hunger
a - Corona                Hex            #####..      1%          1    None
b - Ensorcelled Hibernat  Hex/Ice        #####.       1%          2    None
c - Confuse               Hex            #####...     1%          3    None
d - Invisibility          Hex            #####...     24%         6    ######.
e - Vampiric Draining     Necr           ###.......   8%          3    None


Dungeon Overview and Level Annotations

Branches:
Dungeon (10/15)            Temple (1/1) D:5
   Lair: D:8-11         Orc: D:9-12

Altars:
Ashenzari
Cheibriados
Dithmenos
Elyvilon
Fedhas
Gozag
Kikubaaqudgha
Makhleb
Nemelex Xobeh
Okawaru
Qazlal
Ru
Sif Muna
Trog
Vehumet
Xom
Yredelemnul
Zin
The Shining One

Shops:
D:8 :   D:9 }


Innate Abilities, Weirdness & Mutations

You are tiny and cannot use many weapons and most armour.
You have supernaturally acute eyesight.
You are a herbivore.
You cover ground extremely quickly.
You need consume almost no food.


Message History

It was a potion of curing.
You feel better. The killer bee misses you. The killer bee stings you.
You are poisoned.
The killer bee poisons you! The killer bee stings you.
The killer bee completely misses you. The killer bee closely misses you.
The water moccasin bites you!
* * * LOW HITPOINT WARNING * * *
The killer bee stings you!
* * * LOW HITPOINT WARNING * * *
The crimson imp blinks!
The iguana completely misses you.
Drink which item? (? for menu, Esc to quit)
You feel better.
The killer bee stings you but does no damage.
The killer bee barely misses you. The killer bee stings you!
* * * LOW HITPOINT WARNING * * *
You are poisoned.
The killer bee poisons you! The water moccasin closely misses you.
The killer bee stings you but does no damage.
The killer bee closely misses you. The killer bee stings you.
You die...

....##.#.#..(..#######.#.#####.##
>.#.##.#.#..##########...# ##...#
..#.##.#................## #..#..
...)........###########.# #.###.
##...........# ##..# #..#..
##...........# ####..## ##....
#..(.....[..#####....#######....
##.............y.l...............
............>.ry@ยง...########....
.......##..#...yS..5.# #....
...........#.........# #....
.....................# #####
./.............#######
/...............#
###........###..# #........# ####
#...?....#


You could see a water moccasin, an iguana, 3 killer bees, a crimson imp and a
quokka.

Vanquished Creatures
  The ghost of Typee the Basher, an experienced DsAK of Lugonu (D:9)
  The ghost of Thomus the Thaumaturge, an experienced DsWz of Xom (D:8)
  A centaur skeleton (D:10)
  A deep elf mage (D:9)
  A hungry ghost (D:8)
  Menkaure (D:6)
  A hippogriff (D:10)
  2 ice beasts (D:6)
  4 orc warriors
  A phantom (D:6)
  A sky beast (D:8)
  2 ogres
  2 centaurs
  A big kobold (D:9)
  3 giant frogs
  A wyvern skeleton (D:7)
  2 jellies
  3 wights (D:5)
  2 scorpions (D:9)
  The ghost of dscm the Shield-Bearer, a weakling FoFi of Ashenzari (D:7)
  7 killer bees
  3 crimson imps
  2 orc priests
  3 goliath beetles
  3 hounds
  2 giant frog skeletons
  2 orc wizards
  9 worker ants
  3 iguanas
  A sheep (D:6)
  The ghost of dscm the Shield-Bearer, a weakling FoFi (D:3)
  3 hound zombies
  A hound skeleton (D:9)
  3 gnolls (D:6)
  10 adders
  3 shadow imps
  3 worms
  An adder zombie (D:5)
  5 giant geckos
  3 oozes
  9 orcs
  A bat skeleton (D:8)
  4 giant cockroaches
  15 goblins
  18 hobgoblins
  7 jackals
  4 quokkas
  2 ball pythons
  14 bats
  5 giant newts
  A jackal zombie (D:7)
  22 kobolds
  A quokka skeleton (D:5)
  2 quokka zombies
  18 rats
  5 ballistomycetes (D:7)
228 creatures vanquished.

Vanquished Creatures (others)
  A goblin (D:7)
  A giant spore (D:7)
2 creatures vanquished.

Grand Total: 230 creatures vanquished

Notes
Turn   | Place    | Note
--------------------------------------------------------------
     0 | D:1      | Seneschal, the Spriggan Enchanter, began the quest for the Orb.
     0 | D:1      | Reached XP level 1. HP: 9/9 MP: 4/4
   171 | D:1      | Reached skill level 5 in Stealth
   190 | D:1      | Reached XP level 2. HP: 8/13 MP: 7/7
   206 | D:1      | Learned a level 2 spell: Ensorcelled Hibernation
   773 | D:1      | Reached XP level 3. HP: 13/16 MP: 9/9
   824 | D:1      | Learned a level 3 spell: Confuse
   860 | D:2      | Reached skill level 1 in Ice Magic
  1148 | D:2      | Found an ancient bone altar of Kikubaaqudgha.
  1231 | D:2      | Reached XP level 4. HP: 21/21 MP: 9/13
  1274 | D:2      | Reached skill level 6 in Stealth
  1340 | D:2      | Found a glowing golden altar of the Shining One.
  1341 | D:2      | Noticed an angel
  1349 | D:2      | Found a basalt altar of Yredelemnul.
  1350 | D:2      | Noticed a profane servitor
  1641 | D:3      | Noticed dscm's ghost (weakling FoFi)
  1675 | D:3      | Killed dscm's ghost
  1759 | D:3      | Reached XP level 5. HP: 21/24 MP: 16/16
  3779 | D:4      | Noticed an orc warrior
  3796 | D:4      | Killed an orc warrior
  3796 | D:4      | Reached skill level 7 in Stealth
  3796 | D:4      | Reached skill level 5 in Hexes
  3796 | D:4      | Reached XP level 6. HP: 9/28 MP: 20/20
  4125 | D:4      | Learned a level 6 spell: Invisibility
  4447 | D:5      | Entered Level 5 of the Dungeon
  4454 | D:5      | Found a shattered altar of Ashenzari.
  4459 | D:5      | Reached XP level 7. HP: 32/32 MP: 22/22
  4596 | D:5      | Reached skill level 5 in Spellcasting
  4778 | D:5      | Found a sacrificial altar of Ru.
  4903 | D:5      | Reached skill level 8 in Stealth
  5085 | D:5      | Found a staircase to the Ecumenical Temple.
  5095 | Temple   | Entered the Ecumenical Temple
  5148 | Temple   | Became a worshipper of Dithmenos the Shadowed
  5344 | D:5      | Found a snail-covered altar of Cheibriados.
  5382 | D:6      | Found a bloodstained altar of Trog.
  5403 | D:6      | Reached XP level 8. HP: 36/36 MP: 24/25
  5539 | D:6      | Found an iron altar of Okawaru.
  5566 | D:6      | Reached skill level 9 in Stealth
  5969 | D:6      | Noticed Menkaure
  5979 | D:6      | Killed Menkaure
  5979 | D:6      | Reached skill level 10 in Stealth
  6265 | D:7      | Learned a level 3 spell: Vampiric Draining
  6275 | D:7      | Reached XP level 9. HP: 39/39 MP: 27/27
  6278 | D:7      | Noticed dscm's ghost (weakling FoFi)
  6315 | D:7      | Killed dscm's ghost
  6529 | D:7      | Reached skill level 11 in Stealth
  6667 | D:7      | Found a white marble altar of Elyvilon.
  6842 | D:8      | Noticed Thomus' ghost (experienced DsWz)
  6849 | D:8      | Acquired Dithmenos' first power
  6872 | D:8      | Reached skill level 1 in Necromancy
  7138 | D:8      | Found Shroruirok's Book Shoppe.
  7406 | D:8      | Killed Thomus' ghost
  7689 | D:9      | Noticed Typee's ghost (experienced DsAK)
  7717 | D:9      | Killed Typee's ghost
  7717 | D:9      | Reached skill level 5 in Ice Magic
  7717 | D:9      | Reached XP level 10. HP: 19/44 MP: 30/30
  7763 | D:9      | Reached skill level 12 in Stealth
  7763 | D:9      | Reached skill level 10 in Hexes
  7962 | D:9      | Found Kaarhama's Gadget Emporium.
  8246 | D:9      | Bought a stone of tremors for 440 gold pieces
  8327 | D:10     | Entered Level 10 of the Dungeon
  8529 | D:10     | Slain by a killer bee

Action                   |  1- 3 |  4- 6 |  7- 9 | 10-12 || total
-------------------------+-------+-------+-------+-------++-------
Melee: Dagger            |   125 |   144 |   313 |    32 ||   614
 Cast: Corona            |     2 |       |       |       ||     2
       Ensorcelled Hiber |    30 |    47 |    68 |     8 ||   153
       Confuse           |       |     4 |    64 |     5 ||    73
Evoke: Wand              |       |       |     2 |       ||     2
       Stone of tremors  |       |       |       |     1 ||     1
  Use: Scroll            |     1 |     2 |    10 |     2 ||    15
       Potion            |       |       |     5 |     2 ||     7
 Stab: Distracted        |     1 |       |     1 |       ||     2
       Sleeping          |    30 |    39 |    56 |    17 ||   142
       Confused          |       |     3 |    35 |     3 ||    41
  Eat: Fruit             |       |     5 |     5 |       ||    10
